 Dungeon Crawl Stone Soup version 0.30.0-30-g96aa6591b8 (webtiles) character file.

Game seed: 1416674062962660713

594 croobank the Sneak (level 7, -3/45 HPs)
             Began as an Octopode Fire Elementalist on June 27, 2023.
             Killed by divine providence
             ... invoked by an orc priest
              (15 damage)
             ... on level 5 of the Dungeon.
             The game lasted 00:11:44 (4532 turns).

croobank the Sneak (Octopode Fire Elementalist)     Turns: 4532, Time: 00:11:45

Health: -3/45      AC:  1    Str:  7    XL:     7   Next: 39%
Magic:  4/12       EV: 14    Int: 20    God:
Gold:   280        SH:  5    Dex: 12    Spells: 10/13 levels left

rFire   . . .        a - +3 dagger
rCold   . . .        (no shield)
rNeg    . . .        (helmet restricted)
rPois   .            q - amulet of reflection
rElec   .            f - ring of flight
rCorr   .            (no ring)
SInv    .            (no ring)
Will    .....        (no ring)
Stlth   ++++         (no ring)
HPRegen 0.27/turn    (no ring)
MPRegen 0.13/turn    (no ring)
                     (no ring)

%: reflection
@: lethally poisoned (-3 -> -13), flying
A: almost no armour, amphibious, 8 rings, camouflage 1, gelatinous body 1,
(nimble swimmer 1), tentacles
a: no special abilities


You were on level 5 of the Dungeon.
You visited 1 branch of the dungeon, and saw 5 of its levels.
You also visited: Sewer.

You collected 291 gold pieces.
You spent 11 gold pieces at shops.

Inventory:

Hand Weapons
 a - a +3 dagger (weapon)
 b - a +0 sling
 p - a +0 broad axe
 s - a +0 short sword
Missiles
 c - 3 poisoned darts (quivered)
Jewellery
 f - a ring of flight (left tentacle)
 i - a ring of protection from cold
 q - an amulet of reflection (around mantle)
 u - a ring of protection from fire
Wands
 n - a wand of flame (17)
 z - a wand of light (13)
Scrolls
 j - 3 scrolls of fear
 l - a scroll of torment {unknown}
 m - a scroll of blinking
 o - 2 scrolls of amnesia {unknown}
 w - a scroll of butterflies {unknown}
 x - a scroll of teleportation {unknown}
 y - 3 scrolls of noise {unknown}
Potions
 d - 2 potions of lignification
 h - a potion of heal wounds
 k - a potion of mutation
 t - 3 potions of curing
 v - a potion of flight {unknown}


   Skills:
 + Level 2.7 Fighting
 + Level 3.6 Dodging
 + Level 5.2 Stealth
 + Level 3.5 Spellcasting
 + Level 3.1 Conjurations
 + Level 4.2 Fire Magic


You had 10 spell levels left.
You knew the following spells:

 Your Spells              Type           Power      Damage    Failure   Level
a - Foxfire               Conj/Fire      72%        2x1d7     3%          1
b - Scorch                Fire           40%        2d7       3%          2

Your spell library contained the following spells:

 Spells                   Type           Power      Damage    Failure   Level
 Momentum Strike          Conj/Tloc      18%        3d8       11%         2
 Static Discharge         Conj/Air       18%        2-3/arc   11%         2
 Inner Flame              Hex/Fire       12%        N/A       17%         3
 Volatile Blastmotes      Fire/Tloc      24%        2d12      17%         3
 Blink                    Tloc           6%         N/A       21%         2
 Lesser Beckoning         Tloc           6%         N/A       21%         2
 Sublimation of Blood     Necr           3%         N/A       21%         2
 Flame Wave               Conj/Fire      18%        2d7       28%         4
 Airstrike                Air            1%         2d(1-17)  80%         4
 Petrify                  Tmut/Erth      3%         N/A       80%         4
 Summon Lightning Spire   Summ/Air       3%         N/A       80%         4
 Irradiate                Conj/Tmut      4%         3d13      89%         5


Dungeon Overview and Level Annotations

Branches:
Dungeon (5/15)              Sewer (visited)
 Temple: D:4-7

Altars:
Elyvilon
Nemelex Xobeh
Ru
Trog
Uskayaw
Vehumet

Shops:
D:1 !   D:3 (


Innate Abilities, Weirdness & Mutations

You cannot wear most types of armour.
You are amphibious.
You can wear up to eight rings at the same time.
Your skin changes colour to match your surroundings (Stealth+).
Your rubbery body absorbs attacks. (AC +1, EV +1)
((You are camouflaged when in or above water. (Stealth+)))
You have tentacles for arms and can constrict up to eight enemies at once.


Message History

The orc wizard is heavily wounded.
The orc priest calls upon Beogh to heal the orc priest.
The orc priest is healed somewhat.
The foxfire hits the orc wizard but does no damage.
The orc wizard is heavily wounded.
The orc priest calls upon Beogh to heal the orc wizard.
The orc wizard is healed somewhat.
Casting: Foxfire (safe; 3% risk of failure)
Confirm with . or Enter, or press ? or * to list all spells.
You conjure some foxfire!
The foxfire hits the orc wizard but does no damage.
The orc wizard is moderately wounded.
The foxfire hits the orc wizard but does no damage.
The orc wizard is moderately wounded.
The orc priest calls upon Beogh to heal the orc priest.
The orc priest's wounds heal themselves!
Your foxfire dissipates!
The foxfire hits the orc wizard.
The orc wizard is heavily wounded.
The orc wizard gestures at you while chanting.
You are confused.
It was a potion of curing.
You feel better.
The orc wizard hits you with a +0 dagger.
The orc priest mumbles some strange prayers to Beogh against you.
Beogh smites you!
The orc wizard attacks as you move away!
The orc wizard barely misses you.
The orc priest calls upon Beogh to heal the orc wizard.
The orc wizard is healed somewhat.
The orc priest invokes the aid of Beogh against you.
Beogh smites you! The scorpion attacks as you move away!
The scorpion stings you. x2
You are poisoned.
The scorpion poisons you!
The orc wizard gestures at you while chanting.
The puff of flame hits you.
* * * LOW HITPOINT WARNING * * *
The orc priest mumbles some strange prayers to Beogh against you.
Beogh smites you!
You die...

#......# #...#
##o.# ##.(## ###
#####o...#
##.###......#..#
##....#..o...#.##
#...............#
###....@s..........
#.............[..#
###............#.#
#..<......#.#...
#######..#####.#
#### ..


You could see a scorpion, 2 orc priests and an orc wizard.

Vanquished Creatures
  A black bear (D:4)
  An ogre (D:4)
  2 bullfrogs (Sewer)
  A hound (D:4)
  An iguana (D:4)
  An orc wizard (D:4)
  3 gnolls (D:3)
  5 adders
  2 worms
  3 dart slugs
  6 orcs
  9 endoplasms
  14 giant cockroaches
  7 goblins
  6 hobgoblins
  16 quokkas
  12 ball pythons
  9 bats
  8 frilled lizards
  6 kobolds
  5 rats
118 creatures vanquished.

Vanquished Creatures (collateral kills)
  A foxfire (D:3)
1 creature vanquished.

Vanquished Creatures (others)
  149 foxfires
149 creatures vanquished.

Grand Total: 268 creatures vanquished

Notes
Turn   | Place    | Note
-------+----------+-------------------------------------------
     0 | D:1      | croobank the Octopode Fire Elementalist began the quest for
                  | the Orb.
     0 | D:1      | Reached XP level 1. HP: 11/11 MP: 3/3
   104 | D:1      | Found Uluss's Distillery.
   159 | D:1      | Bought a potion of degeneration for 11 gold pieces
   182 | D:1      | Reached XP level 2. HP: 17/17 MP: 5/5
   269 | D:1      | Reached skill level 3 in Stealth
   331 | D:1      | Learned a level 2 spell: Scorch
   719 | D:2      | Reached XP level 3. HP: 9/22 MP: 0/6
  1068 | D:3      | Found a faded altar of an unknown god.
  1692 | D:3      | Reached XP level 4. HP: 27/27 MP: 2/7
  1860 | D:3      | Found a radiant altar of Vehumet.
  1970 | D:3      | Found a white marble altar of Elyvilon.
  2222 | D:3      | Found Juzam's Weapon Shoppe.
  2301 | D:4      | Reached skill level 1 in Fighting
  2403 | D:4      | Found a glowing drain.
  2408 | Sewer    | Entered a sewer
  2542 | Sewer    | Reached XP level 5. HP: 33/33 MP: 4/8
  2839 | Sewer    | Reached skill level 4 in Stealth
  2847 | Sewer    | Reached XP level 6. HP: 15/39 MP: 3/10
  3228 | D:4      | Found a sparkling altar of Nemelex Xobeh.
  3306 | D:4      | Found a bloodstained altar of Trog.
  3505 | D:4      | Found a hide-covered altar of Uskayaw.
  3584 | D:4      | Found a sacrificial altar of Ru.
  3726 | D:4      | Reached XP level 7. HP: 45/45 MP: 1/12
  4006 | D:4      | Reached skill level 5 in Stealth
  4492 | D:5      | Entered Level 5 of the Dungeon
  4532 | D:5      | Killed from afar by an orc priest

Illustrated notes

Levels and vault maps discovered:
D:1:      lemuel_arrival_river_bridge, layout_rooms, serial_shops,
          nicolae_shop_crystal
D:2:      layout_rooms, minivault_24, nrook_campfire
D:3:      layout_loops_corners, lemuel_round_altar,
          mainiacjoe_overflow_cross_hatched, serial_shops, shop,
          dreamdust_ecumenical_altar_grove
D:4:      layout_cave_pods, marbit_many_paths,
          nicolae_ru_great_annihilating_truth, trog_butcher_becter,
          nemelex_diamond_rough_becter, gup_sewer_entry_spiral,
          hangedman_decor_growths
D:5:      layout_cave_pools, lemuel_round_altar, serial_shops,
          nicolae_shop_waterfront, nicolae_shop_peninsula, shop,
          nicolae_shop_back_alley_shop, shop, minmay_between, uniq_ijyb

Skill      XL: |  1  2  3  4  5  6  7 |
---------------+----------------------+-----
Stealth        | 3 4 5 |  5.2
Fighting       | 1 2 |  2.7
Conjurations   | 2 3 |  3.1
Dodging        | 3 |  3.6
Spellcasting   | 3 |  3.5
Fire Magic     | 4 |  4.2

Action                     |  1- 3 |  4- 6 |  7- 9 || total
---------------------------+-------+-------+-------++-------
  Melee: Short sword       |     6 |       |       ||     6
         Constrict         |     4 |    11 |     1 ||    16
         Tentacles         |     4 |     7 |     1 ||    12
         Dagger            |     7 |    48 |     2 ||    57
   Fire: Sling             |    22 |    10 |       ||    32
  Throw: Dart              |     2 |       |       ||     2
   Cast: Foxfire           |    16 |    46 |    23 ||    85
         Scorch            |     7 |    28 |     1 ||    36
    Use: Potion            |       |     1 |     1 ||     2
         Scroll            |       |       |     6 ||     6
   Stab: Sleeping          |     5 |    11 |     1 ||    17
 Armour: Skin              |     3 |     2 |     1 ||     6
  Dodge: Dodged            |    15 |    32 |     6 ||    53
  Block: Other             |       |    14 |     2 ||    16
